 Dungeon Crawl Stone Soup version 0.31-a0-145-g046c7d2549 (webtiles) character file.

Game seed: 1392077533151376804

46 Esekla the Sneak (level 3, -2/26 HPs)
             Began as an Octopode Delver on June 6, 2023.
             Was an Initiate of Gozag.
             Slain by an iguana (12 damage)
             ... on level 5 of the Dungeon.
             The game lasted 00:03:40 (410 turns).

Esekla the Sneak (Octopode Delver)                   Turns: 410, Time: 00:03:41

Health: -2/26      AC:  1    Str: 11    XL:     3   Next: 66%
Magic:  3/3        EV: 13    Int: 14    God:    Gozag
Gold:   17         SH:  0    Dex: 13    Spells: 2/2 levels left

rFire   . . .        a - +0 falchion
rCold   . . .        (no shield)
rNeg    . . .        (helmet restricted)
rPois   .            (no amulet)
rElec   .            (no ring)
rCorr   .            (no ring)
SInv    .            (no ring)
Will    .....        (no ring)
Stlth   +++++        (no ring)
HPRegen 0.24/turn    (no ring)
MPRegen 0.08/turn    (no ring)
                     (no ring)

%: no passive effects
@: gold aura, hasted, very quick
A: almost no armour, amphibious, 8 rings, camouflage 1, gelatinous body 1,
(nimble swimmer 1), tentacles
a: Renounce Religion, Potion Petition, Call Merchant, Bribe Branch


You were on level 5 of the Dungeon.
You worshipped Gozag.
Gozag was noncommittal.
You visited 2 branches of the dungeon, and saw 2 of its levels.

You collected 33 gold pieces.
You paid 16 gold pieces to Gozag.

Inventory:

Hand Weapons
 a - a +0 falchion (weapon)
Missiles
 d - 6 boomerangs (quivered)
Wands
 f - a wand of digging (2)
Scrolls
 b - a scroll of fog
Potions
 c - a potion of enlightenment {unknown}


   Skills:
 + Level 3.2 Fighting
 + Level 2.1 Long Blades
 + Level 2.1 Dodging
 + Level 7.8 Stealth


You had 2 spell levels left.
You didn't know any spells.
Your spell library was empty.

Dungeon Overview and Level Annotations

Branches:
Dungeon (5/15)             Temple (1/1) D:5

Altars:
Ashenzari
Cheibriados
Dithmenos
Elyvilon
Fedhas
Gozag
Qazlal
Ru
Sif Muna
Trog
Uskayaw
Vehumet
Wu Jian
Xom
Yredelemnul
Zin
The Shining One

Annotations:
Temple 2 transporters


Innate Abilities, Weirdness & Mutations

You cannot wear most types of armour.
You are amphibious.
You can wear up to eight rings at the same time.
Your skin changes colour to match your surroundings (Stealth+).
Your rubbery body absorbs attacks. (AC +1, EV +1)
((You are camouflaged when in or above water. (Stealth+)))
You have tentacles for arms and can constrict up to eight enemies at once.


Message History

You constrict the hound. The hound misses you. The hound bites you.
You hit the hound.
The hound is severely wounded.
You constrict the hound. The hound bites you. The hound barely misses you.
You barely miss the hound.
The hound is almost dead.
You constrict the hound, but do no damage.
The hound barely misses you.
The hound stops to sniff the ground.
The hound bites you.
You hit the hound.
You kill the hound!
You have reached level 3!
Your experience leads to an increase in your attributes!
Increase (S)trength, (I)ntelligence, or (D)exterity?
You feel clever. x2
You now have 17 gold pieces (gained 6).
You start resting.
HP restored.
A scorpion comes into view.
The ufetubus shouts!
You hear an angry hiss.
The black bear growls angrily.
The ufetubus attacks as you move away! The ufetubus hits you. x2
The ufetubus misses you. The ufetubus barely misses you.
You closely miss the ufetubus. Your grab misses the ufetubus.
The ufetubus closely misses you. The ufetubus hits you.
The ufetubus hits you but does no damage.
The ufetubus barely misses you.
You closely miss the ufetubus. Your grab misses the ufetubus.
The ufetubus hits you. The ufetubus barely misses you.
You closely miss the ufetubus. Your grab misses the ufetubus.
The ufetubus closely misses you. x2; The ufetubus hits you. x2
You hit the ufetubus. You grab the ufetubus.
The ufetubus is lightly wounded.
You constrict the ufetubus. The ufetubus completely misses you.
The ufetubus misses you. x2; The ufetubus hits you.
You hit the ufetubus.
You kill the ufetubus!
You feel yourself speed up. The iguana bites you!
You die...
Your body crumbles into a pile of gold.

..##.........#********
..##.........#
..##......|(.#
####...[.....# #.l.......#
#.........# * #.........#
***#######.###############
,,,.J......# #.l@........#
***#######.###h########.##
* #...h.......# #.# *
#.#....###..# #.# *
#.#.##.###..# ***#.# *
#.#.#..(.#..# #s...# *
#.#.#...[...# #.####
#.#.#..#.##.# #,*
#.#.##.##...# *,*


You could see a black bear and an iguana.

Vanquished Creatures
  A hound (D:5)
  An adder (D:5)
  An ufetubus (D:5)
3 creatures vanquished.

Notes
Turn   | Place    | Note
-------+----------+-------------------------------------------
     0 | D:5      | Esekla the Octopode Delver began the quest for the Orb.
     0 | D:5      | Reached XP level 1. HP: 16/16 MP: 1/1
    31 | D:5      | Noticed an iguana
    39 | D:5      | Noticed a jelly
    41 | D:5      | Noticed a black bear
    74 | D:5      | Found a staircase to the Ecumenical Temple.
    84 | D:5      | Reached skill level 7 in Stealth
    84 | D:5      | Reached XP level 2. HP: 7/21 MP: 2/2
    88 | Temple   | Entered the Ecumenical Temple
    88 | Temple   | Found a transporter.
    88 | Temple   | Found a transporter.
   257 | Temple   | Found a transporter.
   257 | Temple   | Found a transporter.
   270 | Temple   | Became a worshipper of Gozag Ym Sagoz the Greedy
   318 | D:5      | Reached XP level 3. HP: 10/26 MP: 3/3
   388 | D:5      | Noticed a scorpion
   410 | D:5      | Slain by an iguana

Illustrated notes

Levels and vault maps discovered:
D:5:      layout_basic, minmay_temple_entry_antechambers
Temple:   hellmonk_temple_divided_pantheon

Skill      XL: |  1 |
---------------+----+-----
Stealth        | 7 |  7.8
Fighting       | |  3.2
Long Blades    | |  2.1
Dodging        | |  2.1

Action                     || total
---------------------------++-------
  Melee: Falchion          ||    17
         Constrict         ||     3
         Tentacles         ||     1
  Evoke: Wand              ||     1
    Use: Scroll            ||     2
         Potion            ||     1
 Armour: Skin              ||     1
  Dodge: Dodged            ||    20

Table legend: (Time is in decaauts)
 A = Elapsed time spent in this place.
 B = Non-inter-level travel time spent in this place.
 C = Inter-level travel time spent in this place.
 D = Time resting spent in this place.
 E = Time spent auto-exploring this place.
 F = Levels seen in this place.
 G = Mean time per level.
                   A        B        C        D        E       F      G
               +--------+--------+--------+--------+--------+-----+--------+
         Total |    413 |    413 |      0 |    229 |      0 |   2 |  206.5 |
       Dungeon |    215 |    215 |      0 |     62 |      0 |   1 |  215.0 |
        Temple |    197 |    197 |      0 |    167 |      0 |   1 |  197.0 |
               +--------+--------+--------+--------+--------+-----+--------+

Top non-repeatable levels by time:
     D:5: 215 daAuts
  Temple: 197 daAuts
